[Event "Early-Titled-Tuesday-Blitz-April-23-2024"]
[Site "Chess.com"]
[Date "2024.04.23"]
[Round "7"]
[White "Fandorine"]
[Black "Jospem"]
[Result "1-0"]
[WhiteElo "2926"]
[BlackElo "3069"]
[TimeControl "180+1"]
[EndTime "9:20:51 PDT"]
[Termination "Fandorine won by checkmate"]

1. e4 c5 2. Nf3 d6 3. d4 cxd4 4. Nxd4 a6 5. c4 Nf6 6. Nc3 e6 7. Be3 b6 8. f3 Bb7 9. Qd2 Be7 10.
g4 Nfd7 11. O-O-O Nc6 12. h4 Rc8 13. Kb1 Nce5 14. g5 Nxc4 15. Bxc4 Rxc4 16. h5 Qc8 17. g6 Nf6 18. gxf7+ Kxf7 19. Rdg1 Rg8 20. Ka1 b5 21. Nce2 g6 22. hxg6+ hxg6 23. Bg5 Rg7 24. Nf4 Rxd4 25. Qxd4 e5 26. Qd3 exf4 27. Rc1 Qd8 28. Qb3+ d5 29. Bxf4 Ba8 30. Rc7 Nh5 31. Be5 Rg8 32. f4 Ke8 33. Rhc1 Kf7 34. Ra7 Re8 35. Rxa6 Nf6 36. Bxf6 Bxf6 37. e5 Be7 38.
Qh3 Rg8 39. Qe6+ Kf8 40. Rc8 Qxc8 41. Qxc8+ Kg7 42. Rxg6+ Kxg6 43. Qxg8+ Kf5 44. Qxa8 Kxf4 45. Qxd5 Bc5 46. Qxc5 b4 47. Qxb4+ Ke3 48. a3 Kd3 49. a4 Kc2 50. a5 Kd1 51. a6 Kc2 52. e6 Kd1 53. e7 Kc2 54. a7 Kd1 55. Qb8 Kc2 56. b4 Kd1 57. b5 Kc2 58. b6 Kb3 59. b7 Ka3 60. Kb1 Ka4 61. Qf4+ Ka5 62. b8=Q Ka6 63. a8=Q# 1-0

[Event "Early-Titled-Tuesday-Blitz-April-23-2024"]
[Site "Chess.com"]
[Date "2024.04.23"]
[Round "7"]
[White "AryanTari"]
[Black "Makswolf200817"]
[Result "1-0"]
[WhiteElo "2956"]
[BlackElo "2815"]
[TimeControl "180+1"]
[EndTime "9:20:51 PDT"]
[Termination "AryanTari won by resignation"]

1. e4 e6 2. d4 d5 3. Nc3 Bb4 4.
e5 c5 5. Bd2 Ne7 6. a3 Bxc3 7.
Bxc3 b6 8. h4 Ba6 9. Bxa6 Nxa6 10. h5 h6 11. Qe2 Nb8 12. O-O-O Nbc6 13. g4 Qc7 14. f4 Rc8 15. Nf3 c4 16. Nh4 b5 17. f5 a5 18. Qe3 b4 19. Be1 c3 20.
bxc3 bxa3 21. Bg3 Qb6 22. Kd2 Na7 23. Rb1 Qc6 24. f6 gxf6 25. exf6 Ng8 26. Nf5 Rd8 27. Qe5 Nb5 28. Rxb5 Qxb5 29. Ng7+ Kf8 30. Nxe6+ fxe6 31. f7 Kxf7 32. Rf1+ Qxf1 33. Qxh8 Qg2+ 34. Kc1 Qxg3 35.
Qh7+ Kf8 36. Qc7 Qf4+ 37. Qxf4+ Ke7 38. Qc7+ Rd7 39. Qc5+ Kf7 40. Qxa3 Nf6 41. Qa4 Re7 42. Qxa5 Nxg4 43. Qd8 Nf6 44. Qh8 Ng8 45. Qh7+ Kf8 46.
Qg6 Re8 47. Kd2 Re7 48. Kd3 Re8 49. c4 dxc4+ 50. Kxc4 Rc8+ 51. Kd3 Re8 52. c4 Ke7 53. Qg7+ Kd6 54. c5+ Kc6 55. Kc4 Rd8 56. Qg2+ Kc7 57. Qa2 Nf6 58. Qa7+ Kc6 59. Qa6+ Kd7 60. Qd6+ Kc8 61.
Qxe6+ 1-0

[Event "Early-Titled-Tuesday-Blitz-April-23-2024"]
[Site "Chess.com"]
[Date "2024.04.23"]
[Round "7"]
[White "grzechu96"]
[Black "NovozhilovSemen"]
[Result "1-0"]
[WhiteElo "2795"]
[BlackElo "2642"]
[TimeControl "180+1"]
[EndTime "9:20:53 PDT"]
[Termination "grzechu96 won by resignation"]

1. e4 c5 2. Nf3 Nc6 3. Bb5 g6 4.
Bxc6 bxc6 5. d4 Bg7 6. dxc5 Qa5+ 7. Nbd2 Qxc5 8. O-O d6 9. Re1 Nh6 10. e5 Bf5 11.
Nb3 Qxc2 12. Qxc2 Bxc2 13. exd6 e6 14. Nc5 O-O 15. Bxh6 Bxh6 16. Nd4 Bf5 17. d7 Bd2 18. Nxc6 Bxe1 19. Rxe1 e5 20. Rxe5 Kg7 21. h3 Bxd7 22. Nxd7 Rfc8 23. Nd4 Rc1+ 24. Kh2 Rd8 25. Re7 Kh6 26.
Rxf7 Rd1 27. Nf8 R1xd4 28. f4 Rxf8 29. Rxf8 a5 30. Kg3 Rd3+ 31. Kh2 a4 32. Ra8 Rd4 33. Kg3 Rb4 34. a3 Rb3+ 35. Kh2 Rxb2 36. Rxa4 Ra2 37.
Ra7 Rf2 38. Kg3 Rb2 39. Kf3 Rb3+ 40. Kg4 Rb2 41. g3 Rb5 42. Kh4 Rf5 43. a4 Rc5 44.
g4 g5+ 45. fxg5+ Kg6 46. a5 Rc3 47. Ra6+ Kg7 48. Rb6 Ra3 49. Rb5 Kg6 50. Rb6+ Kg7 51. Rb7+ Kg6 52. Rb5 Kg7 53. Rc5 Ra2 54. Kh5 Ra3 55. h4 Rh3 56. a6 Ra3 57. Rc7+ Kg8 58. a7 Ra6 59. Rc8+ Kf7 60. a8=Q 1-0

[Event "Early-Titled-Tuesday-Blitz-April-23-2024"]
[Site "Chess.com"]
[Date "2024.04.23"]
[Round "7"]
[White "Agibileg"]
[Black "nekotyanof"]
[Result "1/2-1/2"]
[WhiteElo "2813"]
[BlackElo "2669"]
[TimeControl "180+1"]
[EndTime "9:20:55 PDT"]
[Termination "Game drawn - timeout vs insufficient material"]

1. d4 Nf6 2. c4 g6 3. Nc3 d5 4.
cxd5 Nxd5 5. e4 Nxc3 6. bxc3 Bg7 7. Bc4 c5 8. Ne2 O-O 9. O-O Nc6 10. Be3 Bd7 11. Rb1 Qc7 12. Qd2 Rad8 13. Rfc1 Bc8 14. Bh6 e6 15. Bxg7 Kxg7 16. h4 Qe7 17. h5 Qh4 18.
Qe3 Qxh5 19. dxc5 Ne5 20. Bb5 a6 21. Nf4 Qh4 22. Be2 h5 23. Rd1 Ng4 24. Bxg4 Qxg4 25. Rd6 e5 26. Nd5 Be6 27. Nc7 Rxd6 28. cxd6 Rd8 29.
f3 Qf4 30. Qxf4 exf4 31. Nxe6+ fxe6 32. Rxb7+ Kf6 33. Rb6 Rc8 34. Rxa6 Rxc3 35. Ra8 Rd3 36. Rd8 Rd2 37. a4 e5 38. a5 Ke6 39. Re8+ Kd7 40.
Rxe5 Kxd6 41. Rd5+ Rxd5 42. exd5 Kxd5 43. Kf2 g5 44.
Ke2 g4 45. fxg4 hxg4 46. Kd3 Kc6 47. a6 Kb6 48. Ke4 f3 49. gxf3 gxf3 50. Kxf3 Ka7 1/2-1/2

[Event "Early-Titled-Tuesday-Blitz-April-23-2024"]
[Site "Chess.com"]
[Date "2024.04.23"]
[Round "7"]
[White "kai_nov"]
[Black "SoCalJuniorChess"]
[Result "1/2-1/2"]
[WhiteElo "2264"]
[BlackElo "2152"]
[TimeControl "180+1"]
[EndTime "9:20:55 PDT"]
[Termination "Game drawn - insufficient material"]

1. e4 d5 2. exd5 Qxd5 3. Nc3 Qd8 4. Nf3 Bg4 5. d4 Nf6 6. Be2 Nc6 7. O-O e6 8. h3 Bxf3 9. Bxf3 Bb4 10. Bxc6+ bxc6 11. Bg5 Bxc3 12. bxc3 Qd5 13. Bxf6 gxf6 14. Qe2 Rg8 15.
f3 Ke7 16. Rad1 Qxa2 17. c4 Rab8 18. d5 cxd5 19. cxd5 Rb2 20. dxe6 fxe6 21. Ra1 Qd5 22. Rxa7 Qc5+ 23. Qf2 Rxc2 24. Qxc5+ Rxc5 25. Rb1 Rc2 26. g4 Rg5 27. Rbb7 Kd7 28. h4 Rd5 29. Rb1 Rd3 30.
Rf1 h5 31. gxh5 Rd5 32. h6 Rh5 33. Rd1+ Ke7 34. Ra8 Rxh6 35. Rdd8 Rxh4 36. Re8+ Kd6 37. Rad8+ Ke5 38. Rd7 Rd4 39. Rxd4 Kxd4 40. Rxe6 f5 41. f4 c5 42. Re5 c4 43. Rxf5 Ke3 44. Rf8 Kf3 45.
f5 c3 46. f6 Rc1+ 47. Kh2 Rf1 48.
Rc8 Rf2+ 49. Kh3 c2 50. Rc3+ Ke4 51. f7 Rxf7 52. Rxc2 Rh7+ 53. Kg2 Rg7+ 54. Kf2 Rf7+ 55. Ke2 Rh7 56. Rc4+ Kd5 57. Rf4 Rh2+ 58. Rf2 Rxf2+ 59. Kxf2 1/2-1/2

[Event "Early-Titled-Tuesday-Blitz-April-23-2024"]
[Site "Chess.com"]
[Date "2024.04.23"]
[Round "7"]
[White "Alexchess1984"]
[Black "sokidze"]
[Result "1-0"]
[WhiteElo "2670"]
[BlackElo "2800"]
[TimeControl "180+1"]
[EndTime "9:20:56 PDT"]
[Termination "Alexchess1984 won by resignation"]

1. d4 d5 2. Bf4 Nf6 3. e3 e6 4. c3 Bd6 5. Bg3 O-O 6. Nd2 c5 7. Ngf3 Qc7 8. Rc1 Nbd7 9. Bd3 e5 10. dxe5 Nxe5 11. Nxe5 Bxe5 12. Bb1 Bg4 13. Qa4 Rfe8 14. O-O Rad8 15. Nf3 Bxg3 16. hxg3 c4 17. Qxa7 Nh5 18. Nh2 Be6 19. Qd4 b5 20. a3 Nf6 21. Rcd1 Nd7 22. Qf4 Ne5 23. Nf3 f6 24. Qh4 h6 25. Rfe1 Qf7 26.
e4 Nxf3+ 27. gxf3 Re7 28. Rd4 Red7 29. Red1 Kf8 30. Qf4 dxe4 31. fxe4 Qh5 32. Rxd7 Rxd7 33. Rxd7 Bxd7 34. Qd6+ Ke8 35. e5 Qxe5 36. Bg6+ Kd8 37. Qxe5 fxe5 38. Kf1 Ke7 39. Ke2 Kf6 40. Be4 Bf5 41. Bc6 Ke6 42. Bxb5 Kd5 43. Ba6 g5 44. Bb7+ Kc5 45. a4 Kb6 46. Bd5 Kc5 47. Bf7 Bg4+ 48. f3 Bf5 49. g4 Bc2 50. a5 Ba4 51. a6 Bc6 52. a7 Bb7 53. Ke3 Bc6 54. Be6 Bb7 55. Bf5 Kb6 56. Be4 Kxa7 57. Bxb7 Kxb7 58. Ke4 Kb6 59. Kxe5 Kc5 60. Ke4 Kc6 61. Kd4 Kb6 62.
Kxc4 1-0

[Event "Early-Titled-Tuesday-Blitz-April-23-2024"]
[Site "Chess.com"]
[Date "2024.04.23"]
[Round "7"]
[White "ChessSwole"]
[Black "Barath1308"]
[Result "1-0"]
[WhiteElo "2713"]
[BlackElo "2540"]
[TimeControl "180+1"]
[EndTime "9:20:56 PDT"]
[Termination "ChessSwole won by resignation"]

1. d4 Nf6 2. c4 g6 3. Nc3 Bg7 4. e4 d6 5. h3 O-O 6. Be3 Na6 7. Nf3 Re8 8. Be2 e5 9. d5 Nc5 10. Nd2 a5 11. g4 Nfd7 12. h4 Bf6 13. g5 Bg7 14.
Qc2 Rf8 15. h5 c6 16. O-O-O cxd5 17. exd5 Nb6 18. Bxc5 dxc5 19. Nce4 Bf5 20. Bd3 Nc8 21. Rdg1 b6 22. Nf1 Bxe4 23. Bxe4 Nd6 24. Ne3 Qe7 25. f3 a4 26. Qh2 Rfc8 27. a3 b5 28.
cxb5 c4 29. Nd1 Rab8 30. Nc3 Nxb5 31. Nxb5 Rxb5 32. hxg6 hxg6 33. Rg2 c3 34. Rc2 cxb2+ 35. Kb1 Rxc2 36. Qxc2 Rb8 37. Qc3 Qxg5 38. d6 Qd8 39.
Rd1 Qd7 40. Bc6 Qf5+ 41. Be4 Qd7 42. Qc4 Rb6 43. Bxg6 Rxd6 44. Qxf7+ Qxf7 45. Bxf7+ Kxf7 46. Rxd6 Ke7 47. Ra6 Kd7 48. Rxa4 Kd6 49. Re4 Kd5 50. Kxb2 Bf8 51. a4 Bc5 52. Kb3 Bd4 53. a5 Kc6 54. Kc4 Kb7 55. f4 Ka6 56. Rxd4 exd4 57. f5 Kxa5 58. f6 1-0

[Event "Early-Titled-Tuesday-Blitz-April-23-2024"]
[Site "Chess.com"]
[Date "2024.04.23"]
[Round "7"]
[White "wonderfultime"]
[Black "kuli4ik"]
[Result "1-0"]
[WhiteElo "3070"]
[BlackElo "2879"]
[TimeControl "180+1"]
[EndTime "9:20:57 PDT"]
[Termination "wonderfultime won on time"]

1. d4 g6 2. e4 Bg7 3. Bc4 c6 4. Bb3 d5 5. exd5 cxd5 6. c3 Nc6 7. Bf4 Nf6 8. h3 O-O 9. Nf3 Bf5 10. O-O Na5 11. Nbd2 Nxb3 12. axb3 Bd7 13. Re1 Re8 14. Ne5 Bb5 15. Qf3 Bc6 16. Re3 a5 17. Rae1 a4 18. bxa4 Rxa4 19. Bg5 Qd6 20. Nb3 Ra2 21. Qe2 Ne4 22.
Bf4 Ba4 23. Nc1 Ra1 24. f3 f6 25. Ned3 e5 26. Bh2 Bh6 27. fxe4 Bxe3+ 28. Qxe3 dxe4 29. Qxe4 Bc6 30. Qe2 Bb5 31. Qf2 Qd8 32. Nb3 Rxe1+ 33. Nxe1 exd4 34. Nxd4 Bd7 35. Bg3 Kg7 36. Nd3 Qe7 37.
Nf4 Qe3 38. Nd5 Qxf2+ 39. Kxf2 g5 40. Bd6 Kf7 41. Bb4 Be6 42. Ne3 Ba2 43. c4 h5 44. Bc3 Re4 45. Ndf5 Kg6 46. Nd6 Re6 47. c5 Bb1 48. b4 Re7 49. Nd5 Rd7 50. Nxf6 Re7 51.
g4 h4 52. Nd5 Rd7 53. Ne3 Re7 54. Nec4 1-0

[Event "Early-Titled-Tuesday-Blitz-April-23-2024"]
[Site "Chess.com"]
[Date "2024.04.23"]
[Round "7"]
[White "Aleksandar-Topalov"]
[Black "Fh2411"]
[Result "1/2-1/2"]
[WhiteElo "2397"]
[BlackElo "2565"]
[TimeControl "180+1"]
[EndTime "9:20:57 PDT"]
[Termination "Game drawn - insufficient material"]

1. b3 d5 2. Bb2 c6 3. Nf3 Bf5 4.
g3 e6 5. Bg2 Nf6 6. O-O h6 7.
d3 Be7 8. Nbd2 O-O 9. c4 a5 10. a3 Na6 11. Bc3 Bh7 12. Qb1 Qb6 13. Qb2 Rfd8 14. Rfb1 Ng4 15. Bd4 Bc5 16. h3 Bxd4 17. Nxd4 Nf6 18. N2f3 c5 19. Nc2 Rac8 20. Ne5 Qc7 21.
f4 Nh5 22. Kf2 f6 23. Nf3 g5 24. g4 Nxf4 25. Qxf6 Qg7 26. Qxg7+ Kxg7 27. Ne3 d4 28. Nc2 Rf8 29. b4 axb4 30. axb4 e5 31. Bf1 e4 32. dxe4 Bxe4 33. Rb2 Bxc2 34. Rxc2 Nxb4 35.
Rb2 Rc7 36. Ra5 b6 37. Rb5 Rf6 38.
R2xb4 cxb4 39. Rxb4 Rcf7 40. Kg3 Re7 41. Nxd4 Re3+ 42.
Kf2 Nd5+ 43. Nf5+ Rxf5+ 44. gxf5 Nxb4 45. Kxe3 Kf6 46. Ke4 Nc6 47. e3 Ne5 48. Be2 Nf7 49. Kd5 Kxf5 50. Kc6 Ke4 51. Kxb6 Kxe3 52. Bh5 Ne5 53.
c5 Kf4 54. c6 Nxc6 55. Kxc6 Kg3 56. Bg4 h5 57. Be6 g4 58. hxg4 hxg4 59. Bxg4 1/2-1/2

[Event "Early-Titled-Tuesday-Blitz-April-23-2024"]
[Site "Chess.com"]
[Date "2024.04.23"]
[Round "7"]
[White "Journey_to_GrandMaster_YT"]
[Black "JJDAREK"]
[Result "1-0"]
[WhiteElo "2554"]
[BlackElo "2349"]
[TimeControl "180+1"]
[EndTime "9:20:57 PDT"]
[Termination "Journey_to_GrandMaster_YT won on time"]

1. d4 d6 2. Nf3 g6 3. g3 Bg7 4.
Bg2 e5 5. dxe5 dxe5 6. Qxd8+ Kxd8 7. Nc3 c6 8. Bg5+ f6 9. O-O-O+ Kc7 10. Be3 Be6 11.
Ne4 Nd7 12. Nc5 Nxc5 13. Bxc5 Bf8 14. Bxf8 Rxf8 15. Nd2 Nh6 16. Ne4 Bd5 17. f3 Bxe4 18. fxe4 Rd8 19. Bh3 Rxd1+ 20. Rxd1 Rd8 21. Rd3 Rxd3 22.
exd3 Kd6 23. Kd2 Nf7 24. Ke3 Ng5 25. Bc8 Kc7 26. Bg4 h5 27. Be2 Kd6 28. c3 c5 29.
Bd1 Ne6 30. h4 b6 31. Ba4 Ke7 32. Bb3 Kd6 33. Bd5 Nf8 34. Bf7 Ke7 35. Bb3 Kd6 36. d4 cxd4+ 37. cxd4 exd4+ 38. Kxd4 Ne6+ 39. Ke3 Ke5 40. Bc2 a5 41. a3 Nc5 42. Bb1 g5 43. Bc2 gxh4 44. gxh4 a4 45. Bd1 Nxe4 46. Bxh5 f5 47. Be8 f4+ 48. Kf3 Nd2+ 49. Kg4 f3 50. Bxa4 f2 51. Bb5 Ke4 52. h5 Kd4 53. Kg3 f1=Q 54.
Bxf1 Nxf1+ 55. Kf4 Ne3 56. h6 Nd5+ 57. Kg5 Ke5 58.
h7 1-0

[Event "Early-Titled-Tuesday-Blitz-April-23-2024"]
[Site "Chess.com"]
[Date "2024.04.23"]
[Round "7"]
[White "Durarbayli"]
[Black "Maxfan2008"]
[Result "1/2-1/2"]
[WhiteElo "2930"]
[BlackElo "2631"]
[TimeControl "180+1"]
[EndTime "9:20:59 PDT"]
[Termination "Game drawn by stalemate"]

1. d4 Nf6 2. c4 e6 3. Nc3 Bb4 4. f3 c5 5. d5 d6 6. e4 b5 7. Ne2 bxc4 8. Nf4 e5 9. Ne2 Nbd7 10. g4 h5 11. g5 Ng8 12. h4 Ne7 13. Ng3 Nb6 14.
Kf2 Bd7 15. Be2 Ng6 16. Nf5 Bxf5 17. exf5 Bxc3 18. bxc3 Ne7 19. Qc2 Qd7 20. f6 gxf6 21. gxf6 Nexd5 22. Bg5 Qa4 23. Qd2 O-O-O 24. Rhb1 Nc7 25.
Bd1 Qc6 26. a4 d5 27. a5 Nd7 28. Ba4 Qe6 29. Qb2 Qa6 30. f4 e4 31. f5 Rhe8 32.
Be3 Re5 33. Bxc5 Rxf5+ 34. Ke2 Rxf6 35. Bd4 Rg6 36. Qb4 Rdg8 37. Kf1 Qe6 38. Qb7+ Kd8 39. Qb8+ Nxb8 40. Rxb8+ Ke7 41. Bc5+ Kf6 42. Bd4+ Kf5 43.
Rb7 Kg4 44. Bd1+ Kh3 45. Rxc7 Qf5+ 46. Ke1 e3 47. Bxe3 Rg1+ 48. Kd2 Qd3+ 49. Kc1 Rxd1+ 50.
Kb2 Rg2+ 51. Bf2 Rxf2+ 52. Ka3 Qxc3+ 53. Ka4 Rxa1+ 54. Kb5 Qxa5+ 55. Kc6 Rf6+ 56. Kb7 Qxc7+ 57. Ka8 c3 1/2-1/2

[Event "Early-Titled-Tuesday-Blitz-April-23-2024"]
[Site "Chess.com"]
[Date "2024.04.23"]
[Round "7"]
[White "x-7171385435"]
[Black "kacperkarwowski"]
[Result "0-1"]
[WhiteElo "2155"]
[BlackElo "2507"]
[TimeControl "180+1"]
[EndTime "9:20:59 PDT"]
[Termination "kacperkarwowski won by resignation"]

1. Nf3 d6 2. d4 h6 3. c4 c6 4. g3 Nd7 5. Bg2 g5 6. O-O Bg7 7. e4 Nf8 8. Nc3 e5 9. dxe5 dxe5 10.
Qxd8+ Kxd8 11. Rd1+ Kc7 12. b3 Ne6 13. Ba3 Nd4 14. Rd3 Bg4 15. h3 Bxf3 16. Bxf3 Bf8 17. Bb2 Nf6 18. Bg2 Nd7 19. Na4 Nc5 20. Nxc5 Bxc5 21.
Rad1 Rad8 22. Kf1 f6 23. h4 Nc2 24. Bh3 Rxd3 25. Rxd3 Rd8 26. Rxd8 Kxd8 27. f4 gxh4 28.
fxe5 hxg3 29. exf6 Ne3+ 30. Ke2 g2 31. Kf2 Nd1+ 32.
Kxg2 Nxb2 33. e5 Bd4 34. Kf3 Bxe5 35. f7 Ke7 36. Bc8 b6 37. Bb7 c5 38. Bd5 Nd3 39. Kg4 Bd6 40. Kh5 Ne5 41. Kxh6 Nxf7+ 42. Kg6 Ne5+ 43. Kf5 Nd3 44. Ke4 Nc1 45. a4 Nxb3 46. Bc6 Nd4 47. Bb5 Nxb5 48. axb5 Kd7 49. Kd5 Kc7 50. Ke6 Bh2 51. Ke7 Bg1 52. Ke6 Bd4 53. Ke7 Kb7 54. Kd7 a6 55. bxa6+ Kxa6 56. Kc6 Ka5 57.
Kd5 b5 58. cxb5 Kxb5 59. Ke4 Kc4 60. Kf3 Kd3 0-1

[Event "Early-Titled-Tuesday-Blitz-April-23-2024"]
[Site "Chess.com"]
[Date "2024.04.23"]
[Round "7"]
[White "Incognito_Knight"]
[Black "theoneandonlydaaevik"]
[Result "1/2-1/2"]
[WhiteElo "2740"]
[BlackElo "2595"]
[TimeControl "180+1"]
[EndTime "9:21:00 PDT"]
[Termination "Game drawn by repetition"]

1. e4 c5 2. d4 cxd4 3. Qxd4 Nc6 4. Qd3 g6 5. Nc3 Bg7 6. Nf3 d6 7. Be2 Nf6 8. O-O O-O 9. Nd5 Bg4 10. c3 Bxf3 11. Qxf3 Rc8 12. Bg5 Nxd5 13. exd5 Ne5 14.
Qe4 h6 15. Be3 f5 16. Qb4 a5 17. Qa4 Qd7 18. Bb5 Qc7 19. h3 Nc4 20. Bc1 f4 21.
Re1 Nb6 22. Qe4 Kh7 23. Bxf4 Nxd5 24. Bxh6 Nxc3 25. bxc3 Bxh6 26. Qxe7+ Qxe7 27. Rxe7+ Bg7 28. c4 b6 29. Rd1 Rf6 30. Rd7 Rcf8 31. f3 Kh6 32.
R7xd6 Rxd6 33. Rxd6 Be5 34. Re6 Bd4+ 35. Kf1 Rf6 36. Re4 Bc5 37. Ke2 Rd6 38. a4 Bb4 39.
g4 Kg5 40. f4+ Kh4 41. f5 gxf5 42. gxf5+ Kg5 43. Rg4+ Kxf5 44. Rg8 Kf4 45. h4 Rd2+ 46. Kf1 Rh2 47. h5 Rxh5 48. Rg2 Bc5 49. Ke2 Re5+ 50. Kd3 Re3+ 51. Kc2 Ra3 52. Rd2 Ra2+ 53. Kd3 Rxd2+ 54. Kxd2 Ke5 55. Kc2 Kd4 56. Kb3 Kd3 57. Ba6 Kd4 58. Bb5 Kd3 59. Ba6 Kd4 60. Bb5 1/2-1/2

[Event "Early-Titled-Tuesday-Blitz-April-23-2024"]
[Site "Chess.com"]
[Date "2024.04.23"]
[Round "7"]
[White "inagreV"]
[Black "lamomiajunior"]
[Result "0-1"]
[WhiteElo "2405"]
[BlackElo "2740"]
[TimeControl "180+1"]
[EndTime "9:21:01 PDT"]
[Termination "lamomiajunior won by resignation"]

1. e4 c5 2. Nf3 d6 3. d4 cxd4 4.
Nxd4 Nf6 5. Nc3 a6 6. a4 Nc6 7.
Nxc6 bxc6 8. a5 g6 9. Bc4 Bg7 10. e5 dxe5 11. Qxd8+ Kxd8 12. Be3 Ke8 13. O-O-O Be6 14. Bxe6 fxe6 15. Na4 Nd5 16. Bc5 Kf7 17. Rhe1 Rad8 18. c4 Nf4 19. Kc2 Nxg2 20. Re4 Rxd1 21. Kxd1 Rd8+ 22. Kc2 Nf4 23. Be3 Nd3 24. Bb6 Rd7 25.
Re3 Nf4 26. Nc5 Rd4 27. b3 Ng2 28. Rd3 Ne1+ 29. Kd2 Nxd3 30. Nxd3 Rd7 31. Ke2 Bh6 32. Nxe5+ Ke8 33. Nxd7 Kxd7 34. Kd3 e5 35. Ke4 Ke6 36. b4 Kd6 37. Bc5+ Kd7 38. b5 cxb5 39. cxb5 axb5 40.
Bxe7 Bf4 41. a6 Kc6 42. Bc5 Bxh2 43. a7 Kb7 44. f3 b4 45. Bxb4 Kxa7 46. Bd6 Kb7 47.
Kd5 Kc8 48. Ke6 Kd8 49. Kf7 Kd7 50. Bb8 Kc8 51. Bd6 Kd7 52. Bb8 Bf4 53. Kg7 g5 54. Kxh7 e4 55. Ba7 exf3 56. Kg6 g4 57. Kf5 g3 58. Kxf4 f2 59. Kxg3 f1=Q 60. Bf2 Qd3+ 61. Kg2 Ke6 62. Bg3 Kf5 63. Bf2 Kg4 64. Be1 Qe2+ 65.
Bf2 Qc2 0-1

[Event "Early-Titled-Tuesday-Blitz-April-23-2024"]
[Site "Chess.com"]
[Date "2024.04.23"]
[Round "7"]
[White "AljoschaFeuerstack"]
[Black "Kyrko_Gamba"]
[Result "1-0"]
[WhiteElo "2598"]
[BlackElo "2428"]
[TimeControl "180+1"]
[EndTime "9:21:01 PDT"]
[Termination "AljoschaFeuerstack won by checkmate"]

1. e4 c6 2. d3 d5 3. Nd2 g6 4. Ngf3 Bg7 5. g3 Nd7 6. Bg2 e5 7. O-O Ngf6 8. Re1 dxe4 9. dxe4 O-O 10. Nc4 Qc7 11. Qd6 Qxd6 12. Nxd6 Rd8 13. Ng5 Rf8 14. Bd2 h6 15. Nf3 Rd8 16. Bc3 Ne8 17. Rad1 Nxd6 18. Rxd6 Re8 19. Red1 Nc5 20. Rd8 Bg4 21. Rxa8 Rxa8 22.
h3 Bxf3 23. Bxf3 Ne6 24. Rd7 b6 25. Be2 Kf8 26. Bc4 Nd8 27. Bb4+ Kg8 28. Rc7 Bf8 29. Bc3 Bg7 30. a4 a6 31. Bb3 Rb8 32. Ra7 a5 33.
Re7 Kf8 34. Rd7 Ke8 35. Rc7 Rb7 36. Bxf7+ Kf8 37. Rxb7 Nxb7 38. Bxg6 Nc5 39. b3 Ke7 40. f4 Kd6 41. Kf2 Ne6 42. Kf3 Kc5 43. Bf5 Nd4+ 44. Kg4 Nxc2 45. fxe5 Nd4 46. Kh5 Bxe5 47.
g4 Bf4 48. Kg6 Nxb3 49. e5 Kd5 50. e6 Bg5 51. Kf7 Kd6 52. Be1 Nc5 53. Bg3+ Kd5 54. e7 Bxe7 55. Kxe7 Nxa4 56. Be6+ Kc5 57. Bf4 b5 58.
Bxh6 b4 59. Bc1 Nc3 60. g5 a4 61. g6 b3 62. g7 Ne2 63. Ba3+ Kb5 64. g8=Q Nd4 65.
Qb8+ Ka5 66. Qb4+ Ka6 67. Qxd4 Kb5 68. Qb4+ Ka6 69. Qxa4+ Kb7 70. Qxb3+ Kc7 71. Bd6# 1-0

[Event "Early-Titled-Tuesday-Blitz-April-23-2024"]
[Site "Chess.com"]
[Date "2024.04.23"]
[Round "7"]
[White "Antipov_Mikhail_Al"]
[Black "Martial2008"]
[Result "1/2-1/2"]
[WhiteElo "2877"]
[BlackElo "2689"]
[TimeControl "180+1"]
[EndTime "9:21:03 PDT"]
[Termination "Game drawn - timeout vs insufficient material"]

1. e4 e5 2. Nf3 Nc6 3. Nc3 Nf6 4. Bb5 Bd6 5. a3 a6 6. Bc4 b5 7. Ba2 Be7 8. d3 d6 9. h3 Be6 10. Nd5 O-O 11. O-O Nb8 12. Nxe7+ Qxe7 13. Bxe6 Qxe6 14.
Re1 c5 15. b4 Nc6 16. c3 Rfe8 17. Be3 Nd7 18. Nd2 cxb4 19. axb4 d5 20. exd5 Qxd5 21.
Qf3 Qxf3 22. gxf3 f6 23. Ne4 a5 24. Nd6 Reb8 25. bxa5 Rxa5 26. Rxa5 Nxa5 27. Rb1 Kf8 28. Kf1 Ke7 29. Nxb5 Nc6 30. Ke2 Ra8 31. Rb2 Rb8 32. Bc1 Rb6 33. Na3 Rxb2+ 34. Bxb2 Ke6 35. Nb5 Nb6 36. Ba3 Nd5 37. Bc1 h5 38. c4 Nde7 39.
Kd2 Ng6 40. Kc3 Nh4 41. f4 exf4 42. Bxf4 g5 43. Bg3 Nf3 44. d4 Ne7 45. Kd3 h4 46. Bc7 f5 47. Bd8 g4 48. hxg4 fxg4 49. d5+ Kd7 50. Bc7 h3 51. Ke4 h2 52. Bxh2 Nxh2 53.
c5 Nf3 54. Nc3 Ng5+ 55. Ke5 Nf3+ 56. Kf4 Nd2 57. Kxg4 Nxd5 58. Nxd5 Kc6 59. Nc3 Kxc5 60. Kf5 Nf3 61. Kf4 Nd4 62. Ke4 Ne6 63. Ke5 Nf8 64.
Ne4+ Kc4 65. Ng5 Kd3 1/2-1/2

[Event "Early-Titled-Tuesday-Blitz-April-23-2024"]
[Site "Chess.com"]
[Date "2024.04.23"]
[Round "7"]
[White "tetrix83"]
[Black "Witik"]
[Result "0-1"]
[WhiteElo "2640"]
[BlackElo "2771"]
[TimeControl "180+1"]
[EndTime "9:21:05 PDT"]
[Termination "Witik won on time"]

1. e4 c6 2. d4 d5 3. exd5 cxd5 4. Bd3 Nf6 5. h3 Nc6 6. c3 e5 7. dxe5 Nxe5 8. Nf3 Nxd3+ 9. Qxd3 Bd6 10. O-O O-O 11. Bg5 h6 12. Bh4 Re8 13. Nbd2 Be6 14. Nd4 a6 15. Rae1 Rc8 16. Bg3 Bf8 17. Be5 Bd7 18. Re2 Qb6 19. Bxf6 Qxf6 20. Rfe1 Qb6 21. N2f3 Rxe2 22. Rxe2 Qa5 23. Ne5 Be8 24. a3 Qb6 25.
Qf3 Rd8 26. h4 g6 27. h5 Bg7 28. Qg4 gxh5 29. Qg3 Qf6 30. Nef3 Bb5 31. Re3 Re8 32. Rxe8+ Bxe8 33. Qb8 Kf8 34. Qxb7 Qg6 35. Qb4+ Kg8 36.
Qe7 Ba4 37. Qd8+ Kh7 38. Qxd5 Qb1+ 39. Kh2 Qxb2 40. Qe4+ Kg8 41. Qa8+ Kh7 42. Qxa6 Qxa3 43. Qd3+ Kg8 44. Qe3 Qd6+ 45. Kg1 Bd7 46. Qe4 Bg4 47.
c4 Qb4 48. Qa8+ Bf8 49. Qe4 Qxc4 50. Kh2 Bg7 51. Qf4 Qd5 52. Qb8+ Kh7 53. Qf4 Kg8 54. Qe3 Bd7 55. Kg1 h4 56. Qd3 h3 57. g3 Bc6 58.
Kh2 Bxd4 59. Qxd4 Qxf3 60. Qd8+ Kh7 61. Kxh3 Qh5+ 0-1

[Event "Early-Titled-Tuesday-Blitz-April-23-2024"]
[Site "Chess.com"]
[Date "2024.04.23"]
[Round "7"]
[White "TacticalSam94"]
[Black "N_I_Chess"]
[Result "0-1"]
[WhiteElo "2187"]
[BlackElo "2374"]
[TimeControl "180+1"]
[EndTime "9:21:05 PDT"]
[Termination "N_I_Chess won by checkmate"]

1. e4 Nf6 2. e5 Nd5 3. Nf3 d6 4.
d4 g6 5. Bc4 Nb6 6. Bb3 Bg7 7.
Qe2 d5 8. h3 O-O 9. O-O Na6 10.
Bg5 c5 11. c3 cxd4 12. Nxd4 Nc5 13. Bc2 a6 14. Nd2 Qc7 15. Bf4 Ne6 16. Nxe6 Bxe6 17.
Bh2 Rfd8 18. Nb3 Nc4 19. Rae1 Nxb2 20. Nd4 Nc4 21. h4 Qd7 22. h5 Rac8 23. hxg6 hxg6 24.
f4 Bg4 25. e6 Bxd4+ 26. cxd4 Qxe6 27. Qxe6 Bxe6 28. Bxg6 Nd2 29. Rf2 fxg6 30. Rxd2 Kf7 31. Rde2 Rc6 32. Bg3 Rd7 33. Bh4 b5 34. Bg5 b4 35.
Kf2 a5 36. Rh1 Kg7 37. Bh6+ Kf7 38. Bg5 Kg8 39. Rhe1 Bf5 40. Rxe7 Rxe7 41. Rxe7 Rc2+ 42. Kg3 Be4 43. Ra7 Rxg2+ 44. Kh4 Rxa2 45. Bf6 b3 46.
Kg5 b2 47. Be5 b1=Q 48. Ra8+ Kf7 49. Ra7+ Ke8 50. Ra8+ Kd7 51. Rb8 Qxb8 52. Bxb8 a4 53. Kf6 Re2 54. f5 Bxf5 55. Bf4 a3 56. Bc1 a2 57.
Bb2 Rg2 58. Ba1 Rg1 59. Kf7 Rb1 60. Bc3 a1=Q 61. Bxa1 Rxa1 62. Kf6 Re1 63. Kg7 Re4 64. Kh6 Rxd4 65. Kg5 Re4 66. Kf6 d4 67. Kg7 d3 68.
Kh6 d2 69. Kg5 d1=Q 70. Kf6 Qd6+ 71. Kg7 Qe7+ 72. Kh6 Rh4# 0-1

[Event "Early-Titled-Tuesday-Blitz-April-23-2024"]
[Site "Chess.com"]
[Date "2024.04.23"]
[Round "7"]
[White "Grandelicious"]
[Black "SpeedofLight0"]
[Result "0-1"]
[WhiteElo "2901"]
[BlackElo "3081"]
[TimeControl "180+1"]
[EndTime "9:21:06 PDT"]
[Termination "SpeedofLight0 won by resignation"]

1. Nf3 d6 2. d4 g6 3. e4 Bg7 4. Bc4 a6 5. Bb3 b5 6. O-O Bb7 7. Re1 Nd7 8. Nbd2 e6 9. Nf1 Ne7 10. Ng3 O-O 11. c3 c5 12. Bf4 e5 13. Be3 c4 14.
Bc2 f5 15. exf5 gxf5 16. Bg5 Bxf3 17. Qxf3 Bf6 18. Bxf6 Rxf6 19. Nxf5 Kh8 20. Qh3 Ng6 21. g3 Qf8 22. Re2 Qf7 23. Nh6 Qg7 24. Ng4 Rf7 25. Bxg6 Qxg6 26. dxe5 dxe5 27. Rae1 Raf8 28. Rxe5 Rg7 29.
Re7 Nc5 30. Rxg7 Qxg7 31. Qh5 Nd3 32. Re8 Nxb2 33. Rxf8+ Qxf8 34. Qe5+ Qg7 35. Qe8+ Qg8 36. Qe5+ Qg7 37. Nf6 Qf7 38. Ne4+ Kg8 39. Nf6+ Kf8 40. g4 Nd3 41. Qd6+ Qe7 42. Nxh7+ Kf7 43. Qxe7+ Kxe7 44.
Ng5 b4 45. Ne4 b3 46. axb3 cxb3 47. Nd2 b2 48. Nb1 Ke6 49. Kf1 Kd5 50. Ke2 Kc4 51. g5 Nf4+ 52. Kd2 Kb3 53. c4 a5 54. c5 Ka2 55. Nc3+ Ka1 56. c6 Nd5 57. Nxd5 b1=Q 58.
c7 Qb2+ 59. Kd3 Qb7 60. Kd4 a4 61. g6 Kb2 62. g7 Qc8 63. Ne7 Qd7+ 64. Nd5 Qxg7+ 65.
Kc5 Qf8+ 66. Kc6 Qa8+ 0-1